 Dungeon Crawl Stone Soup version 0.22-a0-265-g0d8bc90 (webtiles) character file.

135000 Klosterheim the Earth Mage (level 17, -2/125 HPs)
             Began as a Formicid Earth Elementalist on Mar 7, 2018.
             Was the Champion of Vehumet.
             Slain by a tarantella (17 damage)
             ... on level 2 of the Spider Nest.
             The game lasted 02:27:52 (41842 turns).

Klosterheim the Earth Mage (FoEE)                  Turns: 41842, Time: 02:27:52

Health: -2/125     AC:  8    Str: 22    XL:     17   Next: 76%
Magic:  33/33      EV: 18    Int: 20    God:    Vehumet [******]
Gold:   1125       SH:  0    Dex: 11    Spells: 10/41 levels left

rFire    + . .     SeeInvis +   U - +2 rapier (flame)
rCold    . . .     Gourm    .   m - +0 buckler
rNeg     . . .     Faith    .   G - +1 leather armour "Ripowih" {-Tele rPois Str+7}
rPois    +         Spirit   .   (helmet unavailable)
rElec    .         Reflect  .   (no cloak)
rCorr    .         Harm     .   B - +2 pair of gloves
MR       ++++.                  T - +0 pair of boots
Stlth    ++........             h - amulet of magic regeneration
HPRegen  0.30/turn              f - +4 ring of evasion
MPRegen  0.48/turn              c - ring "Buph" {rF+ MR+++}

@: confused
A: permanent stasis, dig shafts and tunnels, four strong arms, antennae 3
a: Dig, Shaft Self, Renounce Religion


You were on level 2 of the Spider Nest.
You worshipped Vehumet.
Vehumet was exalted by your worship.
You were not hungry.

You visited 7 branches of the dungeon, and saw 28 of its levels.

You collected 2393 gold pieces.
You spent 1268 gold pieces at shops.

Inventory:

Hand Weapons
 U - a +2 rapier of flaming (weapon)
Missiles
 b - 401 stones (quivered)
 F - 2 throwing nets
Armour
 a - the +5 ring mail of Pandemonium {MR++}
   (You found it on level 10 of the Dungeon)

   It affects your resistance to hostile enchantments.
 m - a +0 buckler (worn)
 B - a +2 pair of gloves (worn)
 G - the +1 leather armour "Ripowih" (worn) {-Tele rPois Str+7}
   (You found it on level 11 of the Dungeon)

   It affects your strength (+7).
   It protects you from poison.
   It prevents most forms of teleportation.
 T - a +0 pair of boots (worn)
Jewellery
 c - the ring "Buph" (right hand) {rF+ MR+++}
   (You bought it in a shop on level 4 of the Dungeon)

   [ring of protection from fire]

   It protects you from fire.
   It affects your resistance to hostile enchantments.
 f - a +4 ring of evasion (left hand)
 h - an amulet of magic regeneration (around neck)
 K - an uncursed ring of ice
Wands
 l - a wand of enslavement (13)
 n - a wand of iceblast (21)
 s - a wand of polymorph (18)
 t - a wand of flame (98)
 w - a wand of paralysis (12)
 x - a wand of digging (22)
 P - a wand of disintegration (14)
 R - a wand of scattershot (15)
 V - a wand of random effects (32)
Scrolls
 e - 2 scrolls of magic mapping
 g - 4 scrolls of enchant armour
 k - 7 scrolls of enchant weapon
 o - 13 scrolls of remove curse
 q - a scroll of summoning
 y - a scroll of fear
 H - 5 scrolls of immolation
 I - 12 scrolls of identify
 L - 8 scrolls of amnesia
 N - a scroll of brand weapon
 O - 2 scrolls of fog
Potions
 i - 15 potions of curing
 j - 2 potions of flight
 p - 2 potions of might
 r - 3 potions of magic
 u - 3 potions of heal wounds
 v - 2 potions of agility
 A - 2 potions of brilliance
 C - 6 potions of mutation
 E - 3 potions of resistance
 J - a potion of lignification
 Q - a potion of ambrosia
Miscellaneous
 M - a box of beasts
 S - a lamp of fire
Comestibles
 d - 28 rations


   Skills:
 - Level 9.0 Fighting
 - Level 9.0 Short Blades
 - Level 6.0 Dodging
 - Level 12.0 Stealth
 - Level 4.0 Shields
 + Level 12.8 Spellcasting
 + Level 10.9 Conjurations
 - Level 6.0 Transmutations
 - Level 6.0 Fire Magic
 + Level 18.7 Earth Magic


You had 10 spell levels left.
You knew the following spells:

 Your Spells              Type           Power        Failure   Level  Hunger
a - Sandblast             Erth           ######       0%          1    None
b - Passwall              Tmut/Erth      ######....   1%          2    None
c - Stone Arrow           Conj/Erth      ######       1%          3    None
d - Petrify               Tmut/Erth      ######..     1%          4    None
e - Bolt of Magma         Conj/Fire/Erth ######....   1%          5    ####...
f - Irradiate             Conj/Tmut      #####.....   1%          5    ####...
g - Lee's Rapid Deconstr  Erth           ######....   1%          5    ####...
h - Iron Shot             Conj/Erth      ######....   1%          6    #####..


Dungeon Overview and Level Annotations

Branches:
Dungeon (15/15)            Temple (1/1) D:4            Lair (6/6) D:9
  Swamp (0/4) Lair:4       Spider (2/4) Lair:3        Slime (0/5) Lair:5
    Orc (2/2) D:10            Elf (1/3) Orc:2        Vaults (0/5) D:14
 Depths (1/5) D:15

Altars:
Ashenzari
Cheibriados
Dithmenos
Elyvilon
Fedhas
Hepliaklqana
Kikubaaqudgha
Makhleb
Qazlal
Ru
Sif Muna
Trog
Uskayaw
Vehumet
Wu Jian
Xom
Beogh
Jiyva

Shops:
D:4 =   D:5 =   D:6 :   Orc:2 (!:?

Annotations:
Spider:2 Nikola


Innate Abilities, Weirdness & Mutations

You cannot be hasted, slowed, berserked, paralysed or teleported.
You can dig through walls and to a lower floor.
Your four strong arms can wield two-handed weapons with a shield.
You have a pair of large antennae on your head. (SInv)


Message History

You are confused.
The wolf spider hits you. The wolf spider bites you!
The jumping spider leaps!
Unknown command.
The tarantella bites you.
The jumping spider closely misses you. x2
The wolf spider hits you. The wolf spider completely misses you.
The tarantella barely misses you. The tarantella bites you!
The jumping spider completely misses you.
The jumping spider barely misses you.
The jumping spider leaps!
The wolf spider hits you! The wolf spider bites you!
* * * LOW HITPOINT WARNING * * *
In your confused state, you trip and fall back down the stairs.
* * * LOW HITPOINT WARNING * * *
The tarantella bites you!
* * * LOW HITPOINT WARNING * * *
You are more confused.
The orb spider weaves a glowing orb of energy.
The tarantella closely misses you.
The jumping spider leaps!
The wolf spider barely misses you. The wolf spider completely misses you.
The tarantella bites you!
You die...

......s...#....
...............
.............##
..........s....
...............
...............
......ss.......
......§@..§....
......s.#s.....
......*.s .....
......s... ....
...#...............
.. ......(.........
. ....#.".........
............)...
........#s.#


You could see an emperor scorpion, a wolf spider, an orb spider, 2 jumping
spiders, 2 tarantellas and a redback.

Vanquished Creatures
  An emperor scorpion (Spider:1)
  2 ghost moths
  2 stone giants
  A vampire knight (D:15)
  A spark wasp (Spider:1)
  Snorg (D:14)
  A fire dragon (D:14)
  Erolcha (Orc:2)
  3 hydras
  An ice dragon (Depths:1)
  4 vault guards (D:14)
  2 centaur warriors
  The ghost of Kidiri the Thaumaturge, a journeyman DEFE of Vehumet (Lair:1)
  3 ogre magi
  11 two-headed ogres
  4 death yaks
  A tengu warrior (D:15)
  An orc high priest (Orc:2)
  Nergalle (Orc:2)
  The ghost of Klosterheim the Geomancer, a novice FoEE of Ashenzari (D:6)
  2 unseen horrors
  3 deep elf archers
  2 wizards
  2 phantasmal warriors (D:15)
  6 orb spiders (Spider:1)
  An orc knight (D:14)
  10 wolf spiders
  A wolf spider zombie (D:15)
  8 ugly things
  9 orc sorcerers
  10 deep elf magi
  4 cyclopes
  2 manticores (D:15)
  A slime creature (D:15)
  2 centaur zombies (D:13)
  4 elephants (Lair:4)
  7 black mambas
  23 spiny frogs
  5 centaur skeletons
  5 gargoyles
  A rime drake (Lair:1)
  8 komodo dragons
  An efreet (D:13)
  5 demonic crawlers
  10 jumping spiders
  A polar bear (Lair:6)
  A tengu conjurer (D:15)
  5 hornets
  Prince Ribbit (D:5)
  5 trolls
  Grinder (D:5)
  4 tyrant leeches
  27 blink frogs
  10 hippogriffs
  35 redbacks
  2 wyverns
  2 shadows
  12 tarantellas
  43 yaks
  A steam dragon (D:11)
  2 basilisks
  2 vampires
  6 vampire mosquitoes
  A hungry ghost (D:15)
  Menkaure (D:5)
  4 wargs
  A soldier ant (D:11)
  20 water moccasins
  14 porcupines
  4 phantoms
  8 orc warriors
  An ice beast (D:12)
  4 sky beasts
  2 eyes of draining
  21 ogres
  8 wolves
  5 boggarts
  2 necrophages
  4 centaurs
  13 crocodiles
  A big kobold (D:11)
  35 bullfrogs
  A wyvern zombie (D:12)
  8 scorpions
  A wyvern skeleton (D:14)
  A water moccasin skeleton (D:12)
  17 killer bees
  An oklob sapling (D:4)
  14 wights
  4 electric eels
  2 howler monkeys
  4 crimson imps
  2 quasits
  3 bullfrog zombies
  14 orc priests
  11 hounds
  2 bullfrog skeletons
  4 jellies
  28 orc wizards
  Ijyb (D:5)
  4 iguanas
  9 worker ants
  A killer bee zombie (D:6)
  A hound zombie (D:10)
  A hound skeleton (D:11)
  4 gnolls (D:7)
  15 adders
  A shadow imp (D:11)
  4 oozes
  An adder skeleton (D:6)
  An adder zombie (D:9)
  6 worms
  3 dart slugs
  6 leopard geckos
  106 orcs
  8 ball pythons (D:2)
  10 bats
  4 giant cockroaches
  7 goblins
  10 hobgoblins
  6 jackals
  5 quokkas
  4 frilled lizards
  A jackal skeleton (D:9)
  9 kobolds
  A leopard gecko skeleton (D:4)
  A quokka skeleton (D:7)
  8 rats
  A fungus (Lair:6)
  2 plants
842 creatures vanquished.

Vanquished Creatures (others)
  A spark wasp (shapeshifter) (D:15)
  A salamander (D:15)
  A yaktaur (shapeshifter) (D:15)
  A sky beast (D:15)
  A worker ant (D:15)
  A bush (Lair:5)
  20 fungi
  31 plants
57 creatures vanquished.

Grand Total: 899 creatures vanquished

Notes
Turn   | Place    | Note
-------+----------+-------------------------------------------
     0 | D:1      | Klosterheim the Formicid Earth Elementalist began the quest for the Orb.
     0 | D:1      | Reached XP level 1. HP: 13/13 MP: 3/3
   384 | D:1      | Reached XP level 2. HP: 20/20 MP: 5/5
   470 | D:1      | Reached skill level 4 in Earth Magic
   799 | D:1      | Reached XP level 3. HP: 25/25 MP: 4/6
  1415 | D:2      | Reached skill level 1 in Fighting
  1772 | D:2      | Learned a level 2 spell: Passwall
  1776 | D:2      | Learned a level 3 spell: Stone Arrow
  1910 | D:2      | Reached XP level 4. HP: 25/32 MP: 1/8
  2386 | D:2      | Reached XP level 5. HP: 36/37 MP: 9/9
  2494 | D:2      | Reached skill level 5 in Earth Magic
  3237 | D:3      | Reached XP level 6. HP: 44/44 MP: 0/10
  3316 | D:4      | Found a staircase to the Ecumenical Temple.
  3345 | D:4      | HP: 1/44 [poisoned by an orc]
  3470 | D:4      | Noticed a phantom
  4513 | D:4      | Killed a phantom
  4513 | D:4      | Reached skill level 6 in Earth Magic
  4513 | D:4      | Reached XP level 7. HP: 51/51 MP: 0/12
  4949 | Temple   | Entered the Ecumenical Temple
  4987 | Temple   | Became a worshipper of Vehumet
  5058 | D:4      | Learned a level 4 spell: Petrify
  5078 | D:4      | Found Toffoavo's Jewellery Emporium.
  5258 | D:4      | Reached skill level 1 in Conjurations
  5501 | D:4      | Found a blossoming altar of Fedhas.
  5517 | D:4      | Found a sacrificial altar of Ru.
  5519 | D:4      | Found a bloodstained altar of Trog.
  5521 | D:4      | Found a deep blue altar of Sif Muna.
  5522 | D:4      | Found an ornate altar of the Wu Jian Council.
  5594 | D:4      | Reached XP level 8. HP: 52/58 MP: 14/14
  5646 | D:4      | Reached skill level 5 in Stealth
  5668 | D:4      | Reached skill level 7 in Earth Magic
  6038 | D:5      | Entered Level 5 of the Dungeon
  6038 | D:5      | Noticed Menkaure
  6111 | D:5      | Noticed Ijyb
  6169 | D:5      | Killed Ijyb
  6234 | D:5      | Noticed Prince Ribbit
  6240 | D:5      | Killed Prince Ribbit
  6317 | D:5      | Reached * piety under Vehumet
  6317 | D:5      | Offered knowledge of Flame Tongue by Vehumet.
  6741 | D:5      | Reached XP level 9. HP: 63/63 MP: 5/16
  6777 | D:5      | Reached skill level 8 in Earth Magic
  6960 | D:5      | Killed Menkaure
  7094 | D:5      | Noticed Grinder
  7321 | D:5      | Found Raiqu's Jewellery Emporium.
  7330 | D:5      | Killed Grinder
  7330 | D:5      | Reached skill level 5 in Spellcasting
  7547 | D:5      | HP: 3/64 [poisoned by a scorpion]
  7555 | D:5      | HP: 3/64 [poisoned by a scorpion]
  8119 | D:6      | Noticed Klosterheim's ghost (novice FoEE)
  8194 | D:6      | Found Iketips's Book Shoppe.
  8269 | D:6      | Found an ancient bone altar of Kikubaaqudgha.
  8742 | D:7      | Got a smoking spear
  8745 | D:7      | Identified the +8 spear "Dilyopn" {freeze, Dex+7} (You found it on level 7 of the Dungeon)
  9062 | D:7      | Offered knowledge of Searing Ray by Vehumet.
  9062 | D:7      | Reached skill level 9 in Earth Magic
  9275 | D:8      | Reached ** piety under Vehumet
  9336 | D:8      | Reached XP level 10. HP: 71/71 MP: 18/18
  9810 | D:8      | Reached skill level 1 in Short Blades
  9810 | D:8      | Reached skill level 5 in Transmutations
  9882 | D:7      | Reached skill level 5 in Conjurations
 10434 | D:8      | Reached skill level 10 in Earth Magic
 10676 | D:8      | Found a hazy altar of Hepliaklqana.
 11060 | D:9      | Offered knowledge of Static Discharge by Vehumet.
 11981 | D:9      | Reached *** piety under Vehumet
 12086 | D:9      | Noticed a death yak
 12087 | D:9      | Noticed a death yak
 12403 | D:6      | Found a radiant altar of Vehumet.
 12496 | D:6      | Killed Klosterheim's ghost
 12496 | D:6      | Reached skill level 5 in Short Blades
 12496 | D:6      | Reached XP level 11. HP: 49/77 MP: 11/20
 12724 | D:9      | Reached skill level 11 in Earth Magic
 12725 | D:9      | Noticed a red ugly thing
 12726 | D:9      | Noticed a death yak
 12726 | D:9      | Noticed a death yak
 12789 | D:10     | Entered Level 10 of the Dungeon
 12994 | D:10     | Offered knowledge of Olgreb's Toxic Radiance by Vehumet.
 13054 | D:10     | Found a staircase to the Orcish Mines.
 13262 | D:10     | Reached **** piety under Vehumet
 13380 | D:10     | Offered knowledge of Bolt of Magma by Vehumet.
 13387 | D:10     | Learned a level 5 spell: Bolt of Magma
 14611 | D:11     | Reached skill level 1 in Fire Magic
 14906 | D:11     | Reached skill level 5 in Fighting
 14983 | D:11     | Got a jewelled leather armour
 14994 | D:11     | Identified the +1 leather armour "Ripowih" {-Tele rPois Str+7} (You found it on level 11 of the Dungeon)
 15210 | D:4      | Bought the ring "Buph" {rF+ MR+++} for 475 gold pieces
 15657 | D:11     | Reached ***** piety under Vehumet
 15678 | D:11     | Noticed an unseen horror
 15686 | D:11     | Killed an unseen horror
 15686 | D:11     | Reached skill level 12 in Earth Magic
 15697 | D:11     | Offered knowledge of Bolt of Fire by Vehumet.
 15863 | D:11     | Noticed a cyclops
 15871 | D:11     | Killed a cyclops
 15871 | D:11     | Reached XP level 12. HP: 86/86 MP: 5/23
 16314 | D:9      | Noticed a death yak
 16325 | D:9      | Noticed a death yak
 16376 | D:9      | Noticed a death yak
 16384 | D:8      | Killed a death yak
 16504 | D:9      | Found a staircase to the Lair.
 16560 | D:9      | Killed a death yak
 16560 | D:9      | Reached skill level 5 in Fire Magic
 16659 | D:9      | Killed a death yak
 16662 | D:9      | Killed a death yak
 16859 | D:10     | Got a faintly glowing ring mail
 16870 | D:10     | Identified the +5 ring mail of Pandemonium {MR++} (You found it on level 10 of the Dungeon)
 17072 | Lair:1   | Entered Level 1 of the Lair of Beasts
 17213 | Lair:1   | Noticed Kidiri's ghost (journeyman DEFE)
 17289 | Lair:1   | Killed Kidiri's ghost
 18218 | Lair:1   | Found a sacrificial altar of Ru.
 18484 | Lair:1   | Reached XP level 13. HP: 91/91 MP: 14/25
 18883 | Lair:2   | Reached skill level 10 in Stealth
 19096 | Lair:2   | You fall through a shaft!
 19124 | Lair:3   | Noticed a five-headed hydra
 19179 | Lair:3   | Killed a five-headed hydra
 19377 | Lair:3   | Reached skill level 13 in Earth Magic
 20150 | Lair:2   | Offered knowledge of Irradiate by Vehumet.
 20216 | Lair:2   | Learned a level 5 spell: Irradiate
 20897 | Lair:3   | Found a hole to the Spider Nest.
 20924 | Lair:3   | Reached skill level 10 in Spellcasting
 21520 | Lair:4   | Found a staircase to the Swamp.
 21660 | Lair:2   | Got a crude robe
 21671 | Lair:2   | Identified the +2 robe "Vuerr" {rPois} (You found it on level 2 of the Lair of Beasts)
 21696 | Lair:2   | Reached skill level 14 in Earth Magic
 21696 | Lair:2   | Reached XP level 14. HP: 99/99 MP: 27/29
 22165 | Lair:5   | Reached skill level 15 in Earth Magic
 23214 | Lair:5   | Found a runed door.
 23224 | Lair:5   | Found a viscous altar of Jiyva.
 23226 | Lair:5   | Found a staircase to the Slime Pits.
 23384 | Lair:5   | Reached skill level 16 in Earth Magic
 23384 | Lair:5   | Reached XP level 15. HP: 105/105 MP: 23/30
 23505 | Lair:6   | Entered Level 6 of the Lair of Beasts
 24806 | Lair:5   | Offered knowledge of Bolt of Cold by Vehumet.
 26398 | Lair:6   | Reached skill level 5 in Dodging
 26545 | Lair:6   | Learned a level 5 spell: Lee's Rapid Deconstruction
 27086 | Lair:6   | Got a twisted mace
 27087 | Lair:6   | Identified the +5 mace of Askua {venom, rC+} (You found it on level 6 of the Lair of Beasts)
 27756 | Orc:1    | Entered Level 1 of the Orcish Mines
 28363 | Orc:2    | Entered Level 2 of the Orcish Mines
 28655 | Orc:2    | Found a burning altar of Makhleb.
 28944 | Orc:2    | Found a staircase to the Elven Halls.
 29465 | Orc:2    | Found Dische Refao's Magic Scroll Shop.
 29518 | Orc:2    | Found a radiant altar of Vehumet.
 29520 | Orc:2    | Noticed Erolcha
 29525 | Orc:2    | Killed Erolcha
 29684 | Orc:2    | Found Seli's Antique Weapon Boutique.
 29688 | Orc:2    | Reached skill level 17 in Earth Magic
 29930 | Orc:2    | Noticed Nergalle
 29938 | Orc:2    | Killed Nergalle
 29955 | Orc:2    | Reached XP level 16. HP: 114/116 MP: 29/32
 30005 | Orc:2    | Found a roughly hewn altar of Beogh.
 30005 | Orc:2    | Found Woemud's Distillery.
 30015 | Orc:2    | Found Poovys's Book Boutique.
 30094 | Orc:2    | Bought a potion of curing for 39 gold pieces
 30094 | Orc:2    | Bought a potion of lignification for 39 gold pieces
 30094 | Orc:2    | Bought a potion of heal wounds for 65 gold pieces
 30094 | Orc:2    | Bought a potion of heal wounds for 65 gold pieces
 30103 | Orc:2    | Bought a book of Power for 585 gold pieces
 30110 | Orc:2    | Learned a level 6 spell: Iron Shot
 30354 | Elf:1    | Entered Level 1 of the Elven Halls
 30361 | Elf:1    | Reached ****** piety under Vehumet
 31195 | D:12     | Offered knowledge of Bolt of Draining by Vehumet.
 33178 | D:14     | Noticed Snorg
 33189 | D:14     | Killed Snorg
 33685 | D:14     | Found a gate to the Vaults.
 34114 | D:15     | Entered Level 15 of the Dungeon
 34935 | D:15     | Reached skill level 18 in Earth Magic
 34957 | D:15     | Found a staircase to the Depths.
 35289 | D:15     | Reached skill level 10 in Conjurations
 35919 | D:15     | Reached XP level 17. HP: 108/122 MP: 33/33
 36097 | D:15     | Reached skill level 1 in Shields
 36152 | D:15     | Offered knowledge of Poison Arrow by Vehumet.
 36339 | Depths:1 | Entered Level 1 of the Depths
 37555 | Spider:1 | Entered Level 1 of the Spider Nest
 41082 | Spider:2 | Noticed Nikola
 41160 | Spider:1 | Offered knowledge of Freezing Cloud by Vehumet.
 41842 | Spider:2 | Slain by a tarantella

Vault maps used:
D:1:      minmay_arrival_solitary_statue, minmay_hexomino_u4
D:2:      minmay_snake_closets
D:4:      grunt_temple_overflow_open, minmay_temple_entry_oklob,
          enter_ossuary_1, serial_shops, nicolae_shop_behind_doors
D:5:      serial_shops, kennysheep_mini_moat, first_ration, uniq_menkaure,
          uniq_prince_ribbit1, uniq_ijyb, uniq_grinder
D:6:      nicolae_overflow_crystal_walls, serial_shops, shop,
          minmay_ruined_shrine
D:8:      kennysheep_mini
D:9:      dpeg_lair_monsters
D:10:     hiddenorc2_lemuel
D:11:     hangedman_pestilent_swarm, kennysheep_kite_vault
D:14:     grunt_vaults_entry_fortified, minmay_misc_feat_five, uniq_snorg
D:15:     hangedman_depths_entry_try_elsewhere_first, grunt_ministairs_2,
          lemuel_nasty_fountain
Temple:   regret_index_temple_waves
Lair:1:   basic_altar, beast_lair_carwin_5
Lair:2:   nicolae_lair_grove_arrangements, columned_hall_lemuel,
          serial_bayou_pond_d, minmay_holes, minivault_26,
          nicolae_quartered_pool_medium
Lair:3:   spider_nest_entry_funnel_web
Lair:4:   swamp_mist, lemuel_old_faithful
Lair:5:   slime_altar_2
Lair:6:   minmay_lair_end_frog_pond
Spider:1: spider_trap
Spider:2: uniq_nikola
Orc:1:    nicolae_orc_crystal_geode
Orc:2:    kennysheep_orc_mage_school, david_defended_altar_orc
Elf:1:    eino_elf_arrival_customs, serial_shops,
          nicolae_shop_overgrown_old_shop, minmay_elf_annihilation
Depths:1: pf_vacation_house_of_asmodeus, kennysheep_decorative_pillar,
          serial_bayou_pond_d, door_vault, uniq_sojobo

Skill      XL: |  1  2  3  4  5  6  7  8  9 10 11 12 13 14 15 16 17 |
---------------+----------------------------------------------------+-----
Earth Magic    | 4 5 6 7 9 10 12 14 16 17 18 | 18.7
Dodging        | 2 3 4 5 6 |  6.0
Fighting       | 1 2 3 4 5 6 7 8 9 |  9.0
Stealth        | 3 4 5 6 8 9 10 12 | 12.0
Spellcasting   | 3 4 5 6 7 8 11 12 | 12.8
Transmutations | 2 3 4 5 6 |  6.0
Conjurations   | 1 3 4 5 6 10 | 10.9
Short Blades   | 5 6 8 9 |  9.0
Fire Magic     | 3 5 6 |  6.0
Shields        | 4 |  4.0

Action                   |  1- 3 |  4- 6 |  7- 9 | 10-12 | 13-15 | 16-18 || total
-------------------------+-------+-------+-------+-------+-------+-------++-------
Melee: Unarmed           |   118 |       |       |       |       |       ||   118
       Dagger            |    18 |   215 |   292 |   548 |   139 |    46 ||  1258
       Spear             |       |       |    33 |       |       |       ||    33
       Rapier            |       |       |       |       |       |   240 ||   240
Throw: Stone             |       |       |       |       |       |     1 ||     1
 Cast: Sandblast         |    17 |    20 |    43 |    82 |   238 |    16 ||   416
       Passwall          |     7 |     8 |     8 |     4 |     1 |     2 ||    30
       Stone Arrow       |       |    22 |    52 |   158 |   271 |   157 ||   660
       Petrify           |       |       |     3 |     7 |    14 |    50 ||    74
       Bolt of Magma     |       |       |       |    50 |    86 |    35 ||   171
       Irradiate         |       |       |       |       |     6 |    25 ||    31
       Lee's Rapid Decon |       |       |       |       |     2 |    15 ||    17
       Iron Shot         |       |       |       |       |       |    90 ||    90
 Abil: Dig               |       |       |     1 |       |    14 |     2 ||    17
Evoke: Wand              |       |     2 |    11 |     1 |     6 |     1 ||    21
       Lamp of fire      |       |       |       |       |       |     2 ||     2
  Use: Scroll            |     2 |     4 |     6 |     7 |     9 |       ||    28
       Potion            |     2 |     5 |       |       |     2 |    12 ||    21
 Stab: Sleeping          |    10 |    11 |    11 |    20 |     4 |     9 ||    65
       Distracted        |       |       |     1 |       |       |       ||     1
       Petrified         |       |       |     2 |     5 |    12 |    40 ||    59
       Petrifying        |       |       |       |       |     1 |     4 ||     5
  Eat: Chunk             |     3 |    12 |    15 |    40 |    32 |    39 ||   141
       Ration            |       |       |     1 |     2 |     6 |    12 ||    21
Armor: Robe              |    48 |    57 |    45 |    55 |       |       ||   205
       Leather armour    |       |       |       |    12 |       |    36 ||    48
       Ring mail         |       |       |       |    21 |   126 |    90 ||   237
Dodge: Dodged            |   113 |   176 |   224 |   394 |   340 |   407 ||  1654
Block: Buckler           |       |       |       |       |       |    34 ||    34

Table legend:
 A = Spawn XP
 B = Non-spawn XP
 C = Spawn XP percentage of total XP
 D = Spawn monster count
 E = Non-spawn monster count
 F = Spawn count percentage of total count
 G = Total turns spent on level
                    A         B        C        D         E        F      G
               +---------+---------+-------+---------+---------+-------+---------
         Total |       0 |  168148 |   0.0 |       0 |     839 |   0.0 | 41842
               +---------+---------+-------+---------+---------+-------+---------
           D:1 |       0 |      32 |   0.0 |       0 |      18 |   0.0 |  1283
           D:2 |       0 |     134 |   0.0 |       0 |      29 |   0.0 |  1545
           D:3 |       0 |     251 |   0.0 |       0 |      32 |   0.0 |  1509
           D:4 |       0 |     860 |   0.0 |       0 |      32 |   0.0 |  2010
           D:5 |       0 |    1579 |   0.0 |       0 |      20 |   0.0 |  1558
           D:6 |       0 |    1308 |   0.0 |       0 |      16 |   0.0 |  1135
           D:7 |       0 |     494 |   0.0 |       0 |      16 |   0.0 |  1093
           D:8 |       0 |    3527 |   0.0 |       0 |      32 |   0.0 |  1795
           D:9 |       0 |    5986 |   0.0 |       0 |      35 |   0.0 |  2271
          D:10 |       0 |    1231 |   0.0 |       0 |      46 |   0.0 |  1998
          D:11 |       0 |    6173 |   0.0 |       0 |      44 |   0.0 |  1396
          D:12 |       0 |    3571 |   0.0 |       0 |      31 |   0.0 |  1028
          D:13 |       0 |    6319 |   0.0 |       0 |      26 |   0.0 |  1005
          D:14 |       0 |   12849 |   0.0 |       0 |      23 |   0.0 |  1475
          D:15 |       0 |   24268 |   0.0 |       0 |      46 |   0.0 |  3030
        Lair:1 |       0 |    5671 |   0.0 |       0 |      27 |   0.0 |  1143
        Lair:2 |       0 |    3595 |   0.0 |       0 |      15 |   0.0 |  1153
        Lair:3 |       0 |   11129 |   0.0 |       0 |      38 |   0.0 |  3947
        Lair:4 |       0 |    5035 |   0.0 |       0 |      21 |   0.0 |  1292
        Lair:5 |       0 |   14448 |   0.0 |       0 |      65 |   0.0 |  3772
        Lair:6 |       0 |   14297 |   0.0 |       0 |      58 |   0.0 |  1638
      Spider:1 |       0 |   20209 |   0.0 |       0 |      55 |   0.0 |  1487
      Spider:2 |       0 |    1896 |   0.0 |       0 |       6 |   0.0 |    69
         Orc:1 |       0 |    3689 |   0.0 |       0 |      26 |   0.0 |   789
         Orc:2 |       0 |   11191 |   0.0 |       0 |      69 |   0.0 |  2138
         Elf:1 |       0 |    5905 |   0.0 |       0 |      10 |   0.0 |   167
      Depths:1 |       0 |    2501 |   0.0 |       0 |       3 |   0.0 |    44
               +---------+---------+-------+---------+---------+-------+---------
